 Dungeon Crawl Stone Soup version 0.30.0-11-gf55b779eaf (webtiles) character file.

Game seed: 5021259128201755883

2882 booth the Conjurer (level 9, -23/60 (71) HPs)
             Began as a Demonspawn Reaver on May 15, 2023.
             Was a Believer of Ashenzari.
             Annihilated by an orc warlord
             ... wielding a +7 battleaxe
              (32 damage)
             ... in a bailey on May 16, 2023.
             The game lasted 01:16:58 (8864 turns).

booth the Conjurer (Demonspawn Reaver)              Turns: 8864, Time: 01:16:59

HP:   -23/60 (71)   AC: 15    Str: 17    XL:     9   Next: 48%
MP:   18/18         EV: 13    Int: 15    God:    Ashenzari [**....]
Gold: 376           SH:  0    Dex: 11    Spells: 13/20 levels left

rFire   + + .        c - +0 whip (flame)
rCold   + . .        (no shield)
rNeg    . . .        b - +1 leather armour
rPois   +            m - +2 helmet "Anxiety of Ashenzari" {Bglg, Self} (curse)
rElec   +            x - +0 cloak
rCorr   +            d - +2 pair of gloves of the Shackled Suspicion {Melee, Cun} (curse)
SInv    +            (no boots)
Will    +....        (no amulet)
Stlth   +            n - ring "Overhang to Understand" {rF+, Bglg, Alch} (curse)
HPRegen 0.30/turn    (no ring)
MPRegen 0.16/turn

%: no passive effects
@: mighty, resistant, very slightly contaminated, heavily drained
A: hooves 1, molten scales 2, powered by pain 3, strong-willed 1
a: Renounce Religion, Shatter the Chains


You were in a bailey.
You worshipped Ashenzari.
Ashenzari was pleased with you.
You visited 2 branches of the dungeon, and saw 8 of its levels.
You also visited: Bailey.

You collected 376 gold pieces.

Inventory:

Hand Weapons
 a - a +0 heavy hand axe
 c - a +0 whip of flaming (weapon)
 k - a +0 hand axe
 o - a +0 dagger of speed
 y - a +0 hammer
 F - a +0 war axe
Missiles
 j - 2 throwing nets
 C - 12 boomerangs (quivered)
Armour
 b - a +1 leather armour (worn)
 d - the cursed +2 pair of gloves of the Shackled Suspicion (worn) {Melee, Cun}
   (You found it on level 1 of the Dungeon)

   It has a curse which improves the following skills: Melee Combat: Short
   Blades, Long Blades, Axes, Maces & Flails, Polearms, Staves and Unarmed
   Combat.
   Cunning:   Dodging and Stealth.
 m - the cursed +2 helmet "Anxiety of Ashenzari" (worn) {Bglg, Self}
   (You took it off Robin on level 3 of the Dungeon)

   It has a curse which improves the following skills: Beguiling: Conjurations,
   Hexes and Translocations.
   Introspection: Fighting and Spellcasting.
 x - a +0 cloak (worn)
Jewellery
 n - the cursed ring "Overhang to Understand" (left hand) {rF+, Bglg, Alch}
   (You took it off a goblin on level 3 of the Dungeon)

   [ring of protection from fire]

   rF:        It protects you from fire.
   It has a curse which improves the following skills: Beguiling: Conjurations,
   Hexes and Translocations.
   Alchemy:   Poison Magic and Transmutations.
Wands
 h - a wand of quicksilver (11)
 r - a wand of iceblast (10)
 w - a wand of polymorph (1)
Scrolls
 e - 3 scrolls of fear
 f - 3 scrolls of immolation
 i - 3 scrolls of magic mapping
 q - 3 scrolls of blinking
 t - a scroll of silence
 v - 2 scrolls of fog
 A - a scroll of amnesia
 D - 2 scrolls of enchant armour
 H - a scroll of acquirement
Potions
 g - a potion of curing
 l - a potion of flight
 p - a potion of ambrosia
 s - 2 potions of magic
 u - a potion of might
 B - 2 potions of cancellation
Miscellaneous
 z - a piece from Xom's chessboard (15/15)


   Skills:
 + Level 5.3(6.4) Fighting
 + Level 5.2(6.5) Axes
 + Level 1.7(4.3) Maces & Flails
 + Level 3.9 Armour
 + Level 5.0(6.1) Dodging
 + Level 4.9(6.0) Spellcasting
 + Level 5.8(7.5) Conjurations
 + Level 4.7 Necromancy


You had 13 spell levels left.
You knew the following spells:

 Your Spells              Type           Power      Damage    Failure   Level
a - Kiss of Death         Conj/Necr      88%        2d12      1%          1
b - Foxfire               Conj/Fire      60%        2x1d7     3%          1
c - Momentum Strike       Conj/Tloc      32%        3d8       5%          2
d - Hailstorm             Conj/Ice       15%        3d5       11%         3

Your spell library contained the following spells:

 Spells                   Type           Power      Damage    Failure   Level
 Summon Small Mammal      Summ           16%        N/A       17%         1
 Call Canine Familiar     Summ           4%         N/A       45%         3
 Summon Guardian Golem    Hex/Summ       4%         N/A       45%         3
 Fireball                 Conj/Fire      7%         3d5       71%         5
 Starburst                Conj/Fire      7%         6d4       99%         6
 Plasma Beam              Fire/Air       2%         2x1d13    100%        6
 Orb of Destruction       Conj           13%        9d7       100%        7
 Spellforged Servitor     Conj/Summ      7%         N/A       100%        7


Dungeon Overview and Level Annotations

Branches:
Dungeon (7/15)             Temple (1/1) D:4          Bailey (1/1)

Altars:
Ashenzari
Cheibriados
Dithmenos
Gozag
Makhleb
Okawaru
Sif Muna
Uskayaw
Vehumet
Xom

Shops:
D:2 (


Innate Abilities, Weirdness & Mutations

You have large cloven feet.
You are mostly covered in molten scales. (AC +3)
You are powered by pain.
You are strong-willed. (Will+)


Message History

Casting: Kiss of Death (safe; 1% risk of failure)
Confirm with . or Enter, or press ? or * to list all spells.
You miscast Foxfire.
You are very lightly contaminated with residual magic.
Nothing appears to happen.
Casting: Foxfire (safe; 3% risk of failure)
Confirm with . or Enter, or press ? or * to list all spells.
You conjure some foxfire!
You feel yourself slow down.
Throw: 12 boomerangs
Press: ? - help, Q - select action, (/) - cycle Shift-Dir - straight line, f/p - orc warlord
Aim: an orc warlord, wielding a +7 battleaxe, wearing a +0 plate armour and wearing a ring of protection from cold (lightly wounded, ally target, 70% to hit)
You throw a boomerang.
The boomerang hits the orc warlord but does no damage.
The orc warlord is lightly wounded.
The foxfire hits the orc warlord but does no damage.
The orc warlord is lightly wounded.
The foxfire hits the orc warlord.
The orc warlord is lightly wounded.
Casting: Foxfire (safe; 3% risk of failure)
Confirm with . or Enter, or press ? or * to list all spells.
You conjure some foxfire!
You hit the orc warlord. You burn the orc warlord.
Your kick misses the orc warlord.
The orc warlord is lightly wounded.
The foxfire hits the orc warlord but does no damage.
The orc warlord is lightly wounded.
The foxfire hits the orc warlord but does no damage.
The orc warlord is lightly wounded.
The orc warlord hits you with a +7 battleaxe.
You hit the orc warlord. You burn the orc warlord. You kick the orc warlord.
The orc warlord is moderately wounded.
The orc warlord hits you with a +7 battleaxe!
* * * LOW HITPOINT WARNING * * *
You focus on the pain.
You feel your power returning.
You hit the orc warlord but do no damage.
The orc warlord is moderately wounded.
The orc warlord hits you with a +7 battleaxe!!
Ouch! That really hurt!
You die...

#.........................#
##............)..........##
##...8...##)')##...8...##
##.....##.....##.....## ~
*~ ##...##..)....##...##~ *
~≈≈#####....)....#####≈≈
≈≈≈≈≈≈≈....)....≈≈≈≈≈≈≈
♣≈≈≈≈≈≈....o....≈≈≈≈≈≈♣
♣♣♣♣♣♣♣♣♣♣.@.♣♣♣♣♣♣♣♣♣♣
♣♣♣♣♣


You could see an orc warlord.

Vanquished Creatures
  Pikel (D:4)
  A yak (D:7)
  A steam dragon (D:6)
  Edmund (D:5)
  2 water moccasins
  3 orc warriors (Bailey)
  A sky beast (D:7)
  An ice beast (D:6)
  2 ogres
  A phantom (D:5)
  A bullfrog (D:7)
  3 scorpions
  A howler monkey (D:4)
  Crazy Yiuf (D:6)
  A gnoll bouda (D:7)
  An orc priest (D:6)
  3 hounds
  2 jellies
  2 sleepcaps
  2 iguanas
  6 orc wizards
  Natasha (thrice) (D:3)
  A mummy (D:4)
  Robin (D:3)
  4 gnolls
  6 adders
  A shadow imp (D:5)
  4 white imps
  An ufetubus (D:5)
  2 worms
  A dart slug (D:3)
  19 orcs
  4 bats
  6 endoplasms
  5 giant cockroaches
  20 goblins
  15 hobgoblins
  A jackal (D:2)
  10 kobolds
  7 quokkas
  7 ball pythons
  2 frilled lizards (D:1)
  2 kobold zombies (D:4)
  2 orc zombies (D:4)
  3 rats (D:2)
  A butterfly (D:7)
165 creatures vanquished.

Vanquished Creatures (others)
  An orc wizard (D:5)
  51 foxfires
52 creatures vanquished.

Grand Total: 217 creatures vanquished

Notes
Turn   | Place    | Note
-------+----------+-------------------------------------------
     0 | D:1      | booth the Demonspawn Reaver began the quest for the Orb.
     0 | D:1      | Reached XP level 1. HP: 16/16 MP: 3/3
   121 | D:1      | Learned a level 1 spell: Foxfire
   280 | D:1      | Gained mutation: You are partially covered in molten
                  | scales. (AC +2) [demonic ancestry]
   280 | D:1      | Reached XP level 2. HP: 18/22 MP: 5/5
  1040 | D:2      | Found Qouwe's Antique Weapon Shoppe.
  1223 | D:2      | Gained mutation: You sometimes gain a little power by
                  | taking damage. [demonic ancestry]
  1223 | D:2      | Reached XP level 3. HP: 28/28 MP: 6/6
  1334 | D:2      | Gained mutation: You are strong-willed. (Will+) [potion of
                  | mutation]
  1399 | D:2      | Gained mutation: You sometimes gain power by taking damage.
                  | [demonic ancestry]
  1399 | D:2      | Reached XP level 4. HP: 13/22 MP: 5/7
  2038 | D:3      | Found a burning altar of Makhleb.
  2114 | D:3      | Noticed Natasha
  2127 | D:3      | Killed Natasha
  2148 | D:3      | Noticed Natasha
  2163 | D:3      | Killed Natasha
  2164 | D:3      | Reached XP level 5. HP: 12/32 MP: 9/9
  2388 | D:3      | Noticed Robin
  2399 | D:3      | Killed Robin
  2618 | D:3      | Noticed Natasha
  2636 | D:3      | Killed Natasha
  3083 | D:4      | Gained mutation: You have large cloven feet. [demonic
                  | ancestry]
  3083 | D:4      | Reached XP level 6. HP: 41/47 MP: 10/10
  3146 | D:4      | Found a staircase to the Ecumenical Temple.
  3152 | D:4      | Noticed Pikel
  3210 | D:4      | Killed Pikel
  3211 | D:4      | Reached skill level 1 in Armour
  3211 | D:4      | Reached XP level 7. HP: 8/53 MP: 10/12
  3396 | Temple   | Entered the Ecumenical Temple
  3522 | Temple   | Became a worshipper of Ashenzari the Shackled
  3594 | D:4      | Learned a level 2 spell: Momentum Strike
  4784 | D:5      | Entered Level 5 of the Dungeon
  4944 | D:5      | Gained mutation: You are mostly covered in molten scales.
                  | (AC +3) [demonic ancestry]
  4944 | D:5      | Reached XP level 8. HP: 61/61 MP: 14/14
  5144 | D:5      | Reached * piety under Ashenzari
  5149 | D:5      | Learned a level 3 spell: Hailstorm
  5269 | D:5      | Found a hide-covered altar of Uskayaw.
  5365 | D:5      | Noticed Edmund
  5391 | D:5      | Killed Edmund
  5945 | D:5      | Found a shadowy altar of Dithmenos.
  6460 | D:6      | Reached skill level 5 in Conjurations
  7429 | D:6      | Gained mutation: You are powered by pain. [demonic
                  | ancestry]
  7429 | D:6      | Reached XP level 9. HP: 68/69 MP: 16/16
  7433 | D:6      | Reached ** piety under Ashenzari
  7573 | D:6      | Found a runed translucent door.
  7574 | D:6      | Noticed Crazy Yiuf
  7592 | D:6      | Killed Crazy Yiuf
  7692 | D:7      | Found a shimmering altar of Xom.
  7718 | D:7      | Reached skill level 5 in Fighting
  7812 | D:7      | Reached skill level 5 in Axes
  7905 | D:7      | Reached skill level 1 in Maces & Flails
  7962 | D:7      | Upgraded the game from 0.30.0-10-gfe55d96785 to
                  | 0.30.0-11-gf55b779eaf
  8226 | D:7      | Found an opulent altar of Gozag.
  8282 | D:7      | Found a flagged portal.
  8293 | Bailey   | Entered a bailey
  8363 | Bailey   | Noticed an orc warlord
  8363 | Bailey   | Identified the Incunable of the Whale
  8515 | Bailey   | Found a runed translucent gate.
  8518 | Bailey   | Found a runed translucent gate.
  8526 | Bailey   | Found a runed translucent gate.
  8534 | Bailey   | Identified a scroll of acquirement
  8555 | Bailey   | Reached skill level 5 in Dodging
  8864 | Bailey   | Annihilated by an orc warlord

Illustrated notes

Levels and vault maps discovered:
D:1:      lightli_molten_gateway, layout_basic
D:2:      minmay_chambers_of_twos, layout_basic, serial_shops,
          nicolae_shop_tiny_statue_garden
D:3:      layout_basic, mainiacjoe_overflow_small_starburst,
          serial_corexii_hall, chequers_hall_statues_wall_a,
          chequers_hall_statues_wall_a, uniq_natasha, uniq_robin
D:4:      layout_basic, minmay_temple_entry_overgrown, serial_co_window_serial,
          co_window_paths_a, co_window_paths_a, co_window_paths_a,
          co_window_corner_a, co_window_paths_b, co_window_unsneaky_path_a,
          co_window_paths_c, co_window_broadway_b, co_window_broadway_c,
          co_window_corner_b, co_window_broadway_c, co_window_paths_d,
          glass_columns_b, glass_columns_a, minmay_mini_ossuary, uniq_pikel
D:5:      layout_basic, lemuel_crystal_altar, mainiacjoe_overflow_boulevard,
          roderic_lattice_a, dk_vineyard_3, uniq_edmund
D:6:      layout_gridville, grunt_decor_arrowhead, uniq_crazy_yiuf_cottage
D:7:      layout_basic, mainiacjoe_overflow_brackets, xom_butterflies,
          lemuel_coloured_pillars_altar, enter_bailey_3, minmay_misc_feat_x,
          st_stairs_10, minivault_19
Temple:   nicolae_temple_superstar
Bailey:   bailey_axe_bossmonster_kennysheep, bailey

Skill      XL: |  1  2  3  4  5  6  7  8  9 |
---------------+----------------------------+-----
Dodging        | 2 3 4 5 |  5.0
Axes           | 3 4 5 |  5.2
Fighting       | 3 4 5 |  5.3
Spellcasting   | 3 4 |  4.9
Armour         | 1 2 3 |  3.9
Conjurations   | 4 5 |  5.8
Necromancy     | 2 4 |  4.7
Maces & Flails | 1 |  1.7

Action                     |  1- 3 |  4- 6 |  7- 9 || total
---------------------------+-------+-------+-------++-------
  Melee: Hand axe          |   118 |   191 |     8 ||   317
         Punch             |     1 |     1 |    13 ||    15
         Kick              |       |     6 |   136 ||   142
         Whip              |       |       |   543 ||   543
  Throw: Boomerang         |       |       |     2 ||     2
   Cast: Kiss of Death     |     3 |     3 |     3 ||     9
         Foxfire           |       |     1 |    30 ||    31
         Momentum Strike   |       |       |     3 ||     3
 Invoke: Curse Item        |       |       |     3 ||     3
  Evoke: Wand              |       |       |     1 ||     1
    Use: Scroll            |     1 |     6 |     2 ||     9
         Potion            |     1 |     3 |     3 ||     7
   Stab: Sleeping          |       |     1 |       ||     1
 Armour: Leather armour    |    44 |    77 |   227 ||   348
  Dodge: Dodged            |    84 |   128 |   289 ||   501
